 Dungeon Crawl Stone Soup version 0.29-a0-997-gf6f7e2dfe7 (webtiles) character file.

Game seed: 6635736189292231528

131 xian the Charlatan (level 5, -2/40 HPs)
             Began as a Gnoll Artificer on Aug 4, 2022.
             Slain by Sigmund
             ... wielding a +6 vorpal scythe
              (11 damage)
             ... on level 3 of the Dungeon.
             The game lasted 00:07:27 (4001 turns).

xian the Charlatan (Gnoll Artificer)                Turns: 4001, Time: 00:07:27

Health: -2/40      AC: 10    Str: 14    XL:     5   Next: 14%
Magic:  7/7        EV: 12    Int: 10    God:
Gold:   192        SH:  0    Dex: 12    Spells: 6/6 levels left

rFire   . . .      SeeInvis .   q - +1 whip (elec)
rCold   + . .      Faith    .   (no shield)
rNeg    . . .      Spirit   .   s - +1 leather armour "Maonkouh" {rC+}
rPois   +          Reflect  .   h - +0 helmet
rElec   .          Harm     .   v - +1 cloak
rCorr   .          Rampage  .   b - +0 pair of gloves
Will    .....                   l - +0 pair of boots
Stlth   ++........              (no amulet)
HPRegen 0.13/turn               j - ring of poison resistance
MPRegen 0.10/turn               (no ring)

@: flying
A: fangs 1, strong nose, distributed training
a: no special abilities


You were on level 3 of the Dungeon.
You visited 1 branch of the dungeon, and saw 3 of its levels.

You collected 192 gold pieces.

Inventory:

Hand Weapons
 q - a +1 whip of electrocution (weapon)
Armour
 a - a +0 chain mail
 b - a +0 pair of gloves (worn)
 h - a +0 helmet (worn)
 l - a +0 pair of boots (worn)
 s - the +1 leather armour "Maonkouh" (worn) {rC+}
   (You found it on level 2 of the Dungeon)

   rC:        It protects you from cold.
 v - a +1 cloak (worn)
Jewellery
 j - a ring of poison resistance (left hand)
Wands
 c - a wand of flame (7) (quivered)
 d - a wand of charming (14)
 e - a wand of iceblast (9)
Scrolls
 f - a scroll of identify {unknown}
 g - a scroll of amnesia {unknown}
 i - a scroll of torment {unknown}
 n - a scroll of vulnerability {unknown}
 o - a scroll of blinking {unknown}
 r - a scroll of immolation {unknown}
Potions
 k - a potion of flight
 m - a potion of heal wounds {unknown}
 p - a potion of attraction {unknown}
 t - a potion of haste {unknown}
 u - a potion of curing


   Skills:
 + Level 2.9 Fighting
 + Level 1.4 Short Blades
 + Level 1.4 Long Blades
 + Level 1.4 Axes
 + Level 1.4 Maces & Flails
 + Level 1.4 Polearms
 + Level 1.4 Staves
 + Level 1.4 Ranged Weapons
 + Level 1.4 Throwing
 + Level 4.7 Armour
 + Level 2.9 Dodging
 + Level 2.7 Stealth
 + Level 1.4 Shields
 + Level 1.4 Unarmed Combat
 + Level 1.4 Spellcasting
 + Level 1.1 Conjurations
 + Level 1.1 Hexes
 + Level 1.1 Summonings
 + Level 1.1 Necromancy
 + Level 1.1 Translocations
 + Level 1.1 Transmutations
 + Level 1.1 Fire Magic
 + Level 1.1 Ice Magic
 + Level 1.1 Air Magic
 + Level 1.1 Earth Magic
 + Level 1.1 Poison Magic
 + Level 1.6 Invocations
 + Level 6.7 Evocations


You had 6 spell levels left.
You didn't know any spells.
Your spell library was empty.

Dungeon Overview and Level Annotations

Branches:
Dungeon (3/15)

Altars:
Yredelemnul

Annotations:
D:3 Sigmund


Innate Abilities, Weirdness & Mutations

You have very sharp teeth.
Your uncanny sense of smell can sniff out nearby items.
Your experience applies equally to all skills.


Message History

You can't go up here!
You climb downwards.
There is a stone staircase leading up here.
Things that are here:
a +0 dagger; a kobold corpse A ball python comes into view.
Sigmund mumbles some strange words.
Sigmund flickers and vanishes for a moment.
The ball python closely misses you. The ball python grabs you.
The ball python constricts you.
You escape the ball python's grasp.
The ball python bites you but does no damage.
The ball python closely misses you.
Found a glowing cloak.
Sigmund closely misses the ball python.
The ball python closely misses you. The ball python barely misses you.
The ball python completely misses you. The ball python barely misses you.
Sigmund casts a spell at the ball python.
The ball python appears confused.
An orc comes into view. It is wielding a +0 short sword.
Sigmund casts a spell at the ball python.
The puff of flame hits the ball python.
The ball python dies!
You see here a +0 rapier.
Sigmund hits the orc with a +6 vorpal scythe!
The orc dies!
You see here a +1 cloak.
v - a +1 cloak You start putting on your armour.
You continue putting on your +1 cloak. x3
Sigmund is no longer charmed.
You can no longer detect Sigmund.
Something hits you!
* * * LOW HITPOINT WARNING * * *
x2 Deactivating autopickup; reactivate with Ctrl-A.
You continue putting on your +1 cloak.
Something hits you but does no damage.
You finish putting on your +1 cloak.
It was a potion of flight.
You feel very buoyant.
You fly up into the air.
It was a potion of curing.
You feel better. Something hits you!
You die...

........$.....#
#.......?...#
#.?.......# ###
##.).†....#
...####.#.#####
#....#.#.####
#..)......###
#...{.......#
#...@........
#.........#..
#.........#
#.........#
########..# #.#
.# . .


There were no monsters in sight!

Vanquished Creatures
  A jelly (D:2)
  3 adders (D:2)
  2 worms (D:2)
  10 endoplasms
  5 giant cockroaches
  6 goblins
  6 hobgoblins
  2 jackals (D:1)
  10 kobolds
  4 quokkas
  4 ball pythons
  2 bats
  3 frilled lizards
  3 rats
  A bush (D:1)
62 creatures vanquished.

Vanquished Creatures (collateral kills)
  An orc (D:3)
  A ball python (D:3)
2 creatures vanquished.

Vanquished Creatures (others)
  A plant (D:1)
  10 toadstools (D:2)
11 creatures vanquished.

Grand Total: 75 creatures vanquished

Notes
Turn   | Place    | Note
-------+----------+-------------------------------------------
     0 | D:1      | xian the Gnoll Artificer began the quest for the Orb.
     0 | D:1      | Reached XP level 1. HP: 17/17 MP: 1/1
   804 | D:1      | Reached XP level 2. HP: 19/23 MP: 2/2
  1028 | D:1      | Found a faded altar of an unknown god.
  1939 | D:2      | Found a basalt altar of Yredelemnul.
  1960 | D:2      | Reached XP level 3. HP: 12/28 MP: 3/3
  2229 | D:2      | Reached skill level 1 in Invocations
  2672 | D:2      | Reached skill level 1 in Short Blades
  2672 | D:2      | Reached skill level 1 in Long Blades
  2672 | D:2      | Reached skill level 1 in Axes
  2672 | D:2      | Reached skill level 1 in Maces & Flails
  2672 | D:2      | Reached skill level 1 in Polearms
  2672 | D:2      | Reached skill level 1 in Staves
  2672 | D:2      | Reached skill level 1 in Ranged Weapons
  2672 | D:2      | Reached skill level 1 in Throwing
  2672 | D:2      | Reached skill level 1 in Shields
  2672 | D:2      | Reached skill level 1 in Unarmed Combat
  2672 | D:2      | Reached skill level 1 in Spellcasting
  2942 | D:2      | Identified the +1 leather armour "Maonkouh" {rC+}
  2983 | D:2      | Reached XP level 4. HP: 24/34 MP: 5/5
  3124 | D:2      | Reached skill level 1 in Conjurations
  3124 | D:2      | Reached skill level 1 in Hexes
  3124 | D:2      | Reached skill level 1 in Summonings
  3124 | D:2      | Reached skill level 1 in Necromancy
  3124 | D:2      | Reached skill level 1 in Translocations
  3124 | D:2      | Reached skill level 1 in Transmutations
  3124 | D:2      | Reached skill level 1 in Fire Magic
  3124 | D:2      | Reached skill level 1 in Ice Magic
  3124 | D:2      | Reached skill level 1 in Air Magic
  3124 | D:2      | Reached skill level 1 in Earth Magic
  3124 | D:2      | Reached skill level 1 in Poison Magic
  3490 | D:2      | Reached XP level 5. HP: 40/40 MP: 7/7
  3935 | D:3      | Noticed Sigmund
  4001 | D:3      | Slain by Sigmund

Illustrated notes

Levels and vault maps discovered:
D:1:      sevenhm_arrival_forest_fort_small_3, layout_rooms,
          hellmonk_ecumenical_altar_pennies_from_heaven, serial_forest,
          infiniplex_forest_end_1, infiniplex_forest_end_2,
          infiniplex_forest_clump_long, infiniplex_forest_zigzag_1,
          infiniplex_forest_straight_2, infiniplex_forest_lined_1
D:2:      cheibrodos_fertilizer, layout_loops_ring, basic_altar, st_stairs_13,
          dreamdust_wishing_well, minmay_misc_feat_roman, chequers_jeans
D:3:      layout_rooms, ebering_ghost_inner_flame, nicolae_wormholes,
          uniq_sigmund

Skill      XL: |  1  2  3  4 |
---------------+-------------+-----
Invocations    | 1 |  1.6
Short Blades   | 1 |  1.4
Long Blades    | 1 |  1.4
Axes           | 1 |  1.4
Maces & Flails | 1 |  1.4
Polearms       | 1 |  1.4
Staves         | 1 |  1.4
Ranged Weapons | 1 |  1.4
Throwing       | 1 |  1.4
Shields        | 1 |  1.4
Unarmed Combat | 1 |  1.4
Spellcasting   | 1 |  1.4
Conjurations   | 1 |  1.1
Hexes          | 1 |  1.1
Summonings     | 1 |  1.1
Necromancy     | 1 |  1.1
Translocations | 1 |  1.1
Transmutations | 1 |  1.1
Fire Magic     | 1 |  1.1
Ice Magic      | 1 |  1.1
Air Magic      | 1 |  1.1
Earth Magic    | 1 |  1.1
Poison Magic   | 1 |  1.1
Fighting       | |  2.9
Armour         | |  4.7
Dodging        | |  2.9
Stealth        | |  2.7
Evocations     | |  6.7

Action                   |  1- 3 |  4- 6 || total
-------------------------+-------+-------++-------
Melee: Short sword       |   212 |       ||   212
       Bite              |    33 |     4 ||    37
       Club              |     4 |       ||     4
       Punch             |     1 |     2 ||     3
       Whip              |    12 |    73 ||    85
Evoke: Wand              |     5 |     4 ||     9
  Use: Potion            |       |     2 ||     2
 Stab: Sleeping          |     2 |     3 ||     5
Armor: Leather armour    |    23 |    22 ||    45
       Chain mail        |    75 |       ||    75
Dodge: Dodged            |    70 |    53 ||   123

Table legend: (Time is in decaauts)
 A = Elapsed time spent in this place.
 B = Non-inter-level travel time spent in this place.
 C = Inter-level travel time spent in this place.
 D = Time resting spent in this place.
 E = Time spent auto-exploring this place.
 F = Levels seen in this place.
 G = Mean time per level.
                   A        B        C        D        E       F      G
               +--------+--------+--------+--------+--------+-----+--------+
         Total |   4025 |   3937 |     88 |      0 |   3018 |   3 | 1341.7 |
       Dungeon |   4025 |   3937 |     88 |      0 |   3018 |   3 | 1341.7 |
               +--------+--------+--------+--------+--------+-----+--------+

Top non-repeatable levels by time:
     D:2: 2024 daAuts
     D:1: 1945 daAuts
     D:3: 55 daAuts
